 Dungeon Crawl Stone Soup version 0.28-a0-1412-gf95308ed99 (webtiles) character file.

Game seed: 12868536807503675000

2 croobank the Skirmisher (level 1, 0/18 HPs)
             Began as a Demonspawn Abyssal Knight on Jan 6, 2022.
             Was a Follower of Lugonu.
             Frozen to death by an endoplasm (5 damage)
             ... on level 1 of the Dungeon.
             The game lasted 00:02:54 (196 turns).

croobank the Skirmisher (Demonspawn Abyssal Knight)  Turns: 196, Time: 00:02:55

Health: 0/18       AC:  3    Str: 13    XL:     1   Next: 25%
Magic:  2/2        EV: 11    Int: 11    God:    Lugonu [*.....]
Gold:   0          SH:  0    Dex: 13    Spells: 0/0 levels left

rFire   . . .      SeeInvis .   a - +1 hand axe
rCold   . . .      Faith    .   (no shield)
rNeg    . . .      Spirit   .   b - +0 leather armour
rPois   .          Reflect  .   (no helmet)
rElec   .          Harm     .   (no cloak)
rCorr   .          Rampage  .   (no gloves)
Will    .....                   (no boots)
Stlth   +.........              (no amulet)
HPRegen 0.06/turn               c - ring of flight
MPRegen 0.08/turn               (no ring)

@: flying
A: no striking features
a: Renounce Religion, Depart the Abyss


You were on level 1 of the Dungeon.
You worshipped Lugonu.
Lugonu was aware of your devotion.
You visited 1 branch of the dungeon, and saw 1 of its levels.
You visited the Abyss 1 time.

Inventory:

Hand Weapons
 a - a +1 hand axe (weapon)
Missiles
 e - 13 poisoned darts
Armour
 b - a +0 leather armour (worn)
 d - a +0 kite shield
Jewellery
 c - a ring of flight (left hand)


   Skills:
 + Level 3.0 Fighting
 + Level 1.8 Axes
 + Level 1.8 Armour
 + Level 0.9 Dodging
 + Level 2.4 Invocations


You couldn't memorise any spells.
You didn't know any spells.
Your spell library was empty.

Dungeon Overview and Level Annotations

Branches:
Dungeon (1/15)

Altars:


Message History

Found 13 poisoned darts.
You see here 13 poisoned darts.
e - 13 poisoned darts An endoplasm comes into view.
Found a dagger.
An endoplasm is nearby!
The endoplasm quivers.
An endoplasm and a gnoll come into view.
Found a scratched garnet ring.
Found a stone staircase leading down.
The gnoll shouts!
The endoplasm jiggles.
You completely miss the endoplasm. The endoplasm hits you.
You hit the endoplasm.
The endoplasm is severely wounded.
The endoplasm barely misses you. The gnoll closely misses you.
The gnoll hits you from afar with a +0 spear.
The endoplasm freezes you.
You are frozen.
You hit the endoplasm.
The endoplasm is almost dead.
You hit the plant.
The plant begins to die.
You hit the plant.
The plant begins to die.
You hit the endoplasm. The endoplasm hits you. The endoplasm misses you.
The gnoll barely misses you. The endoplasm freezes you.
You are frozen.
The endoplasm hits you.
Found a faded altar of an unknown god.
A nearby plant withers and dies. x2
The endoplasm hits the plant.
The plant begins to die.
The endoplasm hits the plant.
The plant begins to die.
A nearby plant withers and dies.
A nearby plant withers and dies.
The endoplasm jiggles.
The endoplasm freezes you.
You are frozen.
* * * LOW HITPOINT WARNING * * *
The endoplasm closely misses you.
The endoplasm jiggles.
The endoplasm freezes you.
You are frozen.
You die...

#.#####.## #. #.#
. #.####### ###
##.......##
..######..###.#..#
...........P..P..#
..#####PP.P.P≈P..#
..###..####.P....#
.....PP...≈###..@#
.......P≈.P._###J#
........⌠≈.###..J#
).....P.⌠⌠...#..g#
.......≈⌠⌠≈..#...#
.###...P.≈.###...#
. #............##
. #.P..........# .
#........#####


You could see a gnoll and 2 endoplasms.

Vanquished Creatures
  A giant cockroach (D:1)
  A rat (D:1)
2 creatures vanquished.

Vanquished Creatures (others)
  4 plants (D:1)
4 creatures vanquished.

Grand Total: 6 creatures vanquished

Notes
Turn   | Place    | Note
-------+----------+-------------------------------------------
     0 | Abyss:1  | croobank the Demonspawn Abyssal Knight began the quest for
                  | the Orb.
     0 | Abyss:1  | Reached XP level 1. HP: 18/18 MP: 2/2
    82 | D:1      | Escaped the Abyss
   179 | D:1      | Found a faded altar of an unknown god.
   196 | D:1      | Frozen to death by an endoplasm

Illustrated notes

Levels and vault maps discovered:
D:1:      eino_arrival_cavern_e, layout_basic,
          shapermc_ecumenical_altar_mp_ritualfount

Action                   || total
-------------------------++-------
Melee: Hand axe          ||     8
Dodge: Dodged            ||     9

Table legend: (Time is in decaauts)
 A = Elapsed time spent in this place.
 B = Non-inter-level travel time spent in this place.
 C = Inter-level travel time spent in this place.
 D = Time resting spent in this place.
 E = Time spent auto-exploring this place.
 F = Levels seen in this place.
 G = Mean time per level.
                   A        B        C        D        E       F      G
               +--------+--------+--------+--------+--------+-----+--------+
         Total |    197 |    197 |      0 |      0 |     67 |   2 |   98.5 |
       Dungeon |    115 |    115 |      0 |      0 |     57 |   1 |  115.0 |
         Abyss |     82 |     82 |      0 |      0 |     10 |   1 |   82.0 |
               +--------+--------+--------+--------+--------+-----+--------+

Top non-repeatable levels by time:
     D:1: 115 daAuts
 Abyss:1: 82 daAuts
